 Dungeon Crawl Stone Soup version 0.32-a0-172-gc5dd13f2a7 (webtiles) character file.

Game seed: 2983726636237396801

208 sasquatch the Chopper (level 6, -2/50 HPs)
             Began as a Formicid Fighter on Feb 12, 2024.
             Was an Initiate of Makhleb.
             Slain by a shadow imp (3 damage)
             ... summoned by Eustachio
             ... on level 4 of the Dungeon.
             The game lasted 00:03:27 (2476 turns).

sasquatch the Chopper (Formicid Fighter)            Turns: 2476, Time: 00:03:27

Health: -2/50      AC:  6    Str: 23    XL:     6   Next: 11%
Magic:  6/6        EV:  9    Int:  7    God:    Makhleb [......]
Gold:   57         SH:  5    Dex: 13    Spells: 5/5 levels left

rFire   . . .        m - +0 war axe (heavy)
rCold   . . .        c - +0 buckler
rNeg    . . .        b - +0 scale mail
rPois   .            (helmet unavailable)
rElec   .            h - scarf {repulsion}
rCorr   .            (no gloves)
SInv    +            (no boots)
Will    .....        (no amulet) Stlth
                     (no ring)
HPRegen 0.28/turn    (no ring)
MPRegen 0.10/turn

%: repel missiles
@: mighty
A: permanent stasis, dig shafts and tunnels, antennae 3, four strong arms
a: Dig, Shaft Self, Renounce Religion


You were on level 4 of the Dungeon.
You worshipped Makhleb.
Makhleb was noncommittal.
You visited 1 branch of the dungeon, and saw 4 of its levels.

You collected 140 gold pieces.
You spent 83 gold pieces at shops.

Inventory:

Hand Weapons
 a - a +0 war axe
 m - a +0 heavy war axe (weapon)
Missiles
 e - 14 poisoned darts (quivered)
Armour
 b - a +0 scale mail (worn)
 c - a +0 buckler (worn)
 h - a scarf of repulsion (worn)
Scrolls
 f - 2 scrolls of enchant armour {unknown}
 g - 3 scrolls of vulnerability {unknown}
 j - 5 scrolls of teleportation {unknown}
 k - 2 scrolls of identify {unknown}
 l - 2 scrolls of fog {unknown}
 o - a scroll of noise {unknown}
Potions
 d - a potion of might
 i - 2 potions of invisibility {unknown}
 n - a potion of enlightenment {unknown}
 p - a potion of magic {unknown}


   Skills:
 + Level 4.8 Fighting
 * Level 4.9 Axes
 - Level 3.2 Armour
 - Level 4.0 Shields


You had 5 spell levels left.
You didn't know any spells.
Your spell library contained the following spells:

 Spells                   Type           Power      Damage    Failure   Level
 Tukima's Dance           Hex            0%         N/A       99%         3
 Dimensional Bullseye     Hex/Tloc       0%         N/A       100%        4
 Iskenderun's Mystic Bla  Conj/Tloc      0%         2d3       100%        4


Dungeon Overview and Level Annotations

Branches:
Dungeon (4/15)
 Temple: D:4-7

Altars:
Makhleb
Nemelex Xobeh

Shops:
D:3 [:(

Annotations:
D:4 Eustachio


Innate Abilities, Weirdness & Mutations

You cannot be hasted, slowed, berserked, paralysed or teleported.
You can dig through walls and to a lower floor.
You have a pair of large antennae on your head. (SInv)
Your four strong arms can wield two-handed weapons with a shield.


Message History

The quokka bites you.
* * * LOW HITPOINT WARNING * * *
You block the quokka's attack.
Unknown command.
You barely miss the quokka.
The quokka is severely wounded.
The quokka bites you.
* * * LOW HITPOINT WARNING * * *
You block the quokka's attack.
Eustachio mumbles some strange words.
Eustachio blinks!
The quokka bites you.
* * * LOW HITPOINT WARNING * * *
You miss the quokka.
The quokka is severely wounded.
The quokka bites you.
* * * LOW HITPOINT WARNING * * *
The quokka bites you but does no damage.
Unknown command.
You slice the quokka!!
You kill the quokka!
The quokka's corpse disappears in a puff of smoke!
The iron imp disappears in a puff of smoke!
The bat hits you but does no damage. The quokka closely misses you.
Unknown command.
You closely miss the quokka.
The quokka is moderately wounded.
The quokka barely misses you.
The quokka bites you but does no damage.
The quokka bites you.
* * * LOW HITPOINT WARNING * * *
You slice the quokka!!
You kill the quokka!
The quokka's corpse disappears in a puff of smoke!
The bat hits you but does no damage. The shadow imp gestures at you.
Pain shoots through your body!
* * * LOW HITPOINT WARNING * * *
You feel very mighty all of a sudden. The shadow imp hits you.
You die...

.............####
######.####### #.# ##+##
##...## . ##.....## ##
... ##.......## ##.
.#...####@........####..
......$@5r........+.....
.....####b........####..
#.# ##.......## ##.
##.....## #.. ##...##
#.# ##'## #.# #.# #.#
######.## #.. #.......#
###


You could see Eustachio, a shadow imp (summoned), a bat (summoned) and a rat
(summoned).

Vanquished Creatures
  3 orc wizards (D:3)
  5 adders
  A ribbon worm (D:2)
  2 dart slugs (D:3)
  7 orcs (D:3)
  4 ball pythons
  11 endoplasms
  2 giant cockroaches
  5 hobgoblins
  7 jackals (D:1)
  5 kobolds
  A quokka (D:1)
  4 bats
  4 frilled lizards
  6 goblins
  6 rats
73 creatures vanquished.

Vanquished Creatures (others)
  A bat (D:3)
1 creature vanquished.

Grand Total: 74 creatures vanquished

Notes
Turn   | Place    | Note
-------+----------+-------------------------------------------
     0 | D:1      | sasquatch the Formicid Fighter began the quest for the Orb.
     0 | D:1      | Reached XP level 1. HP: 18/18 MP: 1/1
    98 | D:1      | Reached XP level 2. HP: 23/24 MP: 2/2
   154 | D:1      | Found a faded altar of an unknown god.
   234 | D:1      | Reached XP level 3. HP: 30/30 MP: 3/3
  1189 | D:2      | Reached XP level 4. HP: 34/37 MP: 4/4
  1692 | D:3      | Reached XP level 5. HP: 27/43 MP: 5/5
  1790 | D:3      | Found Xuim's Weapon Shop.
  1811 | D:3      | Bought a +0 heavy war axe for 83 gold pieces
  1825 | D:3      | Found Dour's Book Boutique.
  2004 | D:3      | Found a burning altar of Makhleb.
  2009 | D:3      | Became a worshipper of Makhleb the Destroyer
  2035 | D:3      | Found a sparkling altar of Nemelex Xobeh.
  2085 | D:3      | Found Imuema's Antique Armour Shop.
  2175 | D:3      | Reached XP level 6. HP: 49/49 MP: 6/6
  2454 | D:4      | Noticed Eustachio
  2475 | D:4      | HP: 1/50 [shadow imp/nerve-wracking pain[Eustachio] (7)]
  2476 | D:4      | Slain by a shadow imp

Illustrated notes

Levels and vault maps discovered:
D:1:      lightli_arrival_lavapool, layout_basic,
          dreamdust_ecumenical_altar_grove, serial_curves, eino_curves_04,
          eino_curves_01, chequers_arboretum, corexii_item_surrounded_by_moat
D:2:      cheibrodos_old_hovel, layout_loops_ring, minmay_tall_x
D:3:      layout_basic, mainiacjoe_overflow_two_lobes, serial_shops, shop,
          nicolae_shop_back_alley_shop, nicolae_shop_hallway_plus,
          grunt_ministairs_2
D:4:      layout_loops_corners, uniq_eustachio

Skill      XL: |  1  2  3  4 |
---------------+-------------+-----
Axes           | 3 4 |  4.9
Fighting       | 4 |  4.8
Armour         | |  3.2
Shields        | |  4.0

Action                     |  1- 3 |  4- 6 || total
---------------------------+-------+-------++-------
  Melee: War axe           |    68 |    83 ||   151
  Throw: Dart              |       |     2 ||     2
    Use: Potion            |       |     1 ||     1
 Armour: Scale mail        |    45 |    98 ||   143
  Dodge: Dodged            |    23 |    62 ||    85
         Repelled          |     2 |     1 ||     3
  Block: Buckler           |    10 |    33 ||    43

Table legend: (Time is in decaauts)
 A = Elapsed time spent in this place.
 B = Non-inter-level travel time spent in this place.
 C = Inter-level travel time spent in this place.
 D = Time resting spent in this place.
 E = Time spent auto-exploring this place.
 F = Levels seen in this place.
 G = Mean time per level.
                   A        B        C        D        E       F      G
               +--------+--------+--------+--------+--------+-----+--------+
         Total |   2553 |   2501 |     52 |     36 |   1998 |   4 |  638.2 |
       Dungeon |   2553 |   2501 |     52 |     36 |   1998 |   4 |  638.2 |
               +--------+--------+--------+--------+--------+-----+--------+

Top non-repeatable levels by time:
     D:2: 824 daAuts
     D:1: 809 daAuts
     D:3: 713 daAuts
     D:4: 205 daAuts
